 Dungeon Crawl Stone Soup version 0.13.1-28-g3517093 (webtiles) character file.

644 ProjectEKO the Slasher (level 6, 0/45 HPs)
             Began as a Vampire Abyssal Knight on Mar 15, 2014.
             Was a Priest of Lugonu.
             Slain by a goblin
             ... wielding the cursed +4,+8 trident of the Inferno {freeze, -Tele +Fly Str+3}
              (6 damage)
             ... on Level 4 of the Dungeon.
             The game lasted 00:14:51 (5625 turns).

ProjectEKO the Slasher (Vampire Abyssal Knight)     Turns: 5625, Time: 00:14:51

HP   0/45        AC  7     Str 11      XL: 6   Next: 58%
MP  10/10        EV 11     Int 16      God: Lugonu [***...]
Gold 234         SH  0     Dex 13      Spells:  0 memorised,  5 levels left

Res.Fire  : . . .   See Invis. : +   a - +2 falchion
Res.Cold  : . . .   Warding    : .   b - +0 leather armour
Life Prot.: + . .   Conserve   : .   (no shield)
Res.Poison: .       Res.Corr.  : .   (no helmet)
Res.Elec. : .       Clarity    : .   k - +2 cloak {MR+}
Sust.Abil.: . .     Spirit.Shd : .   (no gloves)
Res.Mut.  : .       Stasis     : .   g - +0 pair of boots
Res.Rott. : .       Flight     : .   (no amulet)
Saprovore : . . .                    (no ring)
                                     (no ring)

@: somewhat resistant to hostile enchantments, very unstealthy
A: bottle blood, fangs 3, see invisible, unbreathing
a: Bat Form, Bottle Blood, Depart the Abyss, Bend Space, Banish, Renounce
Religion


You were on level 4 of the Dungeon.
You worshipped Lugonu.
Lugonu was most pleased with you.
You were not thirsty.

You visited 1 branch of the dungeon, and saw 4 of its levels.
You visited the Abyss 1 time.

You collected 214 gold pieces.

Inventory:

Hand weapons
 a - a +2,+2 falchion (weapon)
Armour
 b - a +0 leather armour (worn)
 g - a +0 pair of boots (worn)
 k - a +2 cloak of magic resistance (worn)
Magical devices
 j - a wand of enslavement (9)
Scrolls
 c - 2 scrolls of remove curse
 d - a scroll of curse jewellery {unknown}
 e - a scroll of fog
 f - 8 scrolls of identify
 h - 2 scrolls of enchant weapon I
 r - a scroll of enchant armour
Jewellery
 i - an uncursed ring of wizardry
Potions
 l - a potion of speed
 m - a potion of blood
 n - a potion of restore abilities


   Skills:
 - Level 2.6 Fighting
 + Level 6.2 Long Blades
 - Level 0.7 Armour
 - Level 2.1 Dodging
 + Level 3.5 Invocations


You had 5 spell levels left.
You didn't know any spells.

Dungeon Overview and Level Annotations

Branches:
Dungeon (4/27)
 Temple: D:4-7

Altars:
Elyvilon
Okawaru
Trog

Shops:
D:4 (


Innate Abilities, Weirdness & Mutations

You can bottle blood from corpses.
You have razor-sharp teeth.*
You have supernaturally acute eyesight.
You can survive without breathing.*


Message History

The goblin freezes you. The orc closely misses you.
You hit the orc.
The orc is almost dead.
The orc barely misses you. The goblin barely misses you.
You slash the orc!
You kill the orc!
Lugonu accepts your kill.
The goblin hits you from afar with a faintly glowing trident {freeze}.
The goblin freezes you.
Your leather armour prevents you from hitting the goblin.
The goblin closely misses you.
You hit the goblin. Your bite misses the goblin.
The goblin is heavily wounded.
The goblin barely misses you.
You closely miss the goblin. Your bite misses the goblin.
The goblin is heavily wounded.
The goblin hits you with a faintly glowing trident {freeze}!
* * * LOW HITPOINT WARNING * * *
The goblin freezes you!
You die...

###.######
#.....####.....<..
# #..# ##.####
#........ ##.# #.#
######... #.#
###.# #### #.#
#...# ####'###
####'########
.......#
#...>.......#
......>+
#...))......#
.......#
+...)@......#
.......#
#.....g.....#
.......#
#...........#
.......#
#...........'
#####'##
#...........# #.##
######'##### #..#
.# ##)# '#
######g## .


You could see a goblin.

Vanquished Creatures
  A gnoll shaman (D:4)
  Crazy Yiuf (D:2)
  An orc wizard (D:3)
  2 hounds (D:4)
  An iguana (D:4)
  2 worker ants (D:4)
  Ijyb (D:3)
  Terence (D:2)
  2 gnolls (D:4)
  6 adders
  A giant mite (D:3)
  A worm (D:4)
  An adder skeleton (D:4)
  A giant eyeball (D:4)
  3 giant geckos
  2 oozes (D:2)
  6 orcs
  2 ball pythons
  5 bats
  6 giant cockroaches
  9 goblins
  4 hobgoblins
  10 kobolds
  4 giant newts
  2 quokkas
  8 rats
83 creatures vanquished.

Vanquished Creatures (collateral kills)
  An orc (D:3)
1 creature vanquished.

Vanquished Creatures (others)
  3 orcs (D:3)
  A giant newt (D:2)
  A rat (D:2)
5 creatures vanquished.

Grand Total: 89 creatures vanquished

Notes
Turn   | Place    | Note
--------------------------------------------------------------
     0 | Abyss:1  | ProjectEKO, the Vampire Abyssal Knight, began the quest for the Orb.
     0 | Abyss:1  | Reached XP level 1. HP: 16/16 MP: 2/2
     8 | Abyss:1  | Found a corrupted altar of Lugonu.
    20 | D:1      | Escaped the Abyss
   153 | D:1      | Reached XP level 2. HP: 16/22 MP: 3/3
   326 | D:1      | Acquired Lugonu's second power
   400 | D:1      | Reached skill level 3 in Long Blades
   716 | D:2      | Found an iron altar of Okawaru.
   989 | D:2      | Reached XP level 3. HP: 25/27 MP: 4/4
  1022 | D:2      | Found a white marble altar of Elyvilon.
  1048 | D:2      | Noticed Terence
  1069 | D:2      | Killed Terence
  1524 | D:2      | Reached skill level 4 in Long Blades
  1680 | D:2      | Noticed Crazy Yiuf
  1714 | D:2      | Killed Crazy Yiuf
  1714 | D:2      | Reached XP level 4. HP: 22/34 MP: 6/6
  1804 | D:2      | Found a bloodstained altar of Trog.
  2242 | D:3      | Noticed Ijyb
  2255 | D:3      | Killed Ijyb
  2255 | D:3      | Reached skill level 5 in Long Blades
  2376 | D:3      | Reached XP level 5. HP: 33/39 MP: 7/7
  2495 | D:2      | Acquired Lugonu's third power
  3571 | D:4      | Paralysed by a giant eyeball for 3 turns
  3613 | D:4      | Paralysed by a giant eyeball for 2 turns
  3620 | D:4      | HP: 1/39 [poisoned by a worker ant]
  4117 | D:4      | Reached XP level 6. HP: 36/45 MP: 9/9
  4561 | D:4      | Reached skill level 6 in Long Blades
  5250 | D:4      | Found Akiriagi's Antique Weapon Emporium.
  5625 | D:4      | Identified the cursed +4,+8 trident of the Inferno {freeze, -Tele +Fly Str+3}
  5625 | D:4      | Slain by a goblin

Action                   |  1- 3 |  4- 6 || total
-------------------------+-------+-------++-------
Melee: Falchion          |   107 |   231 ||   338
 Abil: End Transformatio |       |     1 ||     1
       Bat Form          |       |     1 ||     1
       Bottle Blood      |       |     1 ||     1
Evoke: Wand              |       |     3 ||     3
  Use: Potion            |     7 |     1 ||     8
       Scroll            |       |    12 ||    12
